Map: Dusk Towers

Players

BombitO - Winner!

  • Race: Terran Terran
  • League: Gold

capac

  • Race: Terran Terran
  • League: Gold

VOD

Have the link to the VOD?

Description

Time

  • Played on: Feb. 17, 2016, 11:41 a.m.
  • Length: 13:46
Show
View Real Time Build Order
Export as new Build Order

BombitO Terran - Winner!

Build Orders: Liberator Opening 

Get SALT Encoding   

  12  0:01  SCV  
  13  0:13  SCV  
  14  0:18  Supply Depot  
  14  0:25  SCV  
  15  0:30  Refinery  
  15  0:41  Barracks  
  15  0:45  SCV  
  16  0:58  SCV  
  17  1:07  Refinery  
  17  1:11  SCV  
  18  1:20  Supply Depot  
  18  1:28  Orbital Command  
  18  1:42  Factory  
  18  1:51  Marine  
  19  1:55  SCV  
  20  2:07  SCV  
  21  2:09  Marine  
  22  2:30  Factory Tech Lab  
  22  2:35  Command Center  
  22  2:46  Starport, Marine  
  22  2:50  Widow Mine  
  25  3:04  Marine  
  26  3:06  SCV  
  27  3:16  Engineering Bay  
  27  3:18  SCV  
  27  3:19  Siege Tank  
  31  3:22  Supply Depot  
  31  3:44  SCV, Medivac  
  31  3:47  SCV  
  35  3:48  Missile Turret  
  35  3:56  SCV  
  35  3:57  Liberator  
  35  4:00  Siege Tank  
  39  4:10  Orbital Command  
  39  4:12  SCV  
  43  4:37  Missile Turret  
  43  4:45  Marine  
  44  4:46  Missile Turret  
  44  4:47  Widow Mine  
  46  4:57  Medivac  
  48  5:02  Marine  
  49  5:18  Supply Depot  
  49  5:20  Supply Depot, Marine  
  50  5:21  Barracks  
  50  5:23  Barracks, Siege Tank  
  53  5:35  SCV  
  53  5:39  Starport Reactor, SCV  
  53  5:41  Barracks Tech Lab  
  55  5:48  SCV  
  56  5:51  SCV  
  57  6:00  SCV  
  58  6:05  Marine, Siege Tank  
  62  6:20  Liberator  
  62  6:23  Marine  
  58  6:50  Marine  
  58  6:51  Marine  
  56  7:08  Marine x2  
  57  7:15  SCV x2  
  57  7:17  Liberator  
  55  7:26  Marine  
  55  7:27  SCV  
  54  7:38  Barracks Reactor  
  54  7:41  Factory Tech Lab  
  54  7:42  SCV x2  
  56  7:47  Refinery  
  56  7:48  Refinery  
  56  7:53  Command Center  
  56  7:54  SCV  
  56  7:57  Refinery  
  57  8:12  SCV x2  
  57  8:21  Barracks Tech Lab, Marine x2  
  57  8:23  Medivac  
  57  8:24  SCV  
  62  8:27  Barracks  
  62  8:28  Barracks  
  62  8:30  Barracks  
  62  8:36  Missile Turret  
  62  8:39  Marine x2  
  64  8:47  Siege Tank  
  67  8:49  Marine, Stimpack  
  68  8:57  Marine x2  
  70  9:07  Marine  
  70  9:08  Orbital Command  
  71  9:10  Sensor Tower  
  71  9:11  Supply Depot x3, SCV  
  71  9:15  Marine  
  73  9:17  Viking  
  73  9:20  Barracks Tech Lab  
  73  9:24  Terran Infantry Weapons Level 1  
  75  9:27  Barracks Tech Lab  
  75  9:29  Barracks Reactor  
  75  9:33  Liberator  
  75  9:39  SCV x2  
  75  9:43  Orbital Command, Combat Shields  
  77  9:51  SCV x2  
  82  10:03  SCV  
  82  10:05  Armory  
  82  10:06  Supply Depot  
  83  10:09  Supply Depot  
  83  10:11  Marine x3  
  86  10:21  Marine x2  
  86  10:22  Marine x2  
  90  10:29  Marine  
  90  10:32  Medivac  
  90  10:33  Medivac  
  95  10:47  Marine x2  
  95  10:48  Marine x5  
  102  10:51  SCV x3  
  102  10:54  Refinery  
  102  10:55  Refinery  
  105  11:03  Engineering Bay, Siege Tank  
  108  11:05  Marine x3  
  108  11:07  Marauder x2  
  108  11:08  Concussive Shells  
  108  11:11  Marauder  
  117  11:16  SCV  
  117  11:17  SCV x2  
  120  11:21  Terran Infantry Weapons Level 2  
  120  11:28  SCV  
  120  11:29  SCV  
  120  11:30  Supply Depot  
  122  11:33  Supply Depot  
  122  11:35  Siege Tank  
  125  11:52  SCV x3  
  125  11:53  Missile Turret  
  128  11:56  Marine x2  
  128  11:57  Marauder x2, Marine  
  135  12:04  Medivac x2  
  135  12:05  Command Center  
  139  12:18  Marine  
  139  12:19  Supply Depot, Marine  
  139  12:22  Supply Depot  
  141  12:29  Supply Depot, Sensor Tower  
  141  12:32  Supply Depot  
  141  12:41  Viking x2, Marauder  
  147  12:47  Supply Depot  
  147  12:48  Supply Depot  
  147  12:51  Marine x2  
  147  12:52  Marauder  
  151  13:24  Sensor Tower  
Show
View Real Time Build Order
Export as new Build Order

capac Terran 

Build Orders:  

Get SALT Encoding   

  12  0:01  SCV  
  13  0:17  Supply Depot  
  13  0:23  SCV  
  14  0:35  SCV  
  15  0:41  Barracks  
  15  0:47  SCV  
  16  0:59  SCV  
  18  1:11  SCV  
  18  1:23  SCV  
  19  1:29  Supply Depot, Marine  
  20  1:43  Orbital Command, Command Center  
  20  1:47  Marine  
  21  1:59  Refinery  
  21  2:11  SCV  
  22  2:17  Refinery  
  22  2:28  SCV  
  22  2:29  Marine  
  24  2:31  Barracks  
  24  2:33  Barracks  
  24  2:44  SCV  
  24  2:49  Marine  
  26  2:54  SCV  
  27  3:04  Factory  
  27  3:06  Marine  
  27  3:11  Engineering Bay  
  28  3:20  SCV  
  28  3:21  SCV  
  28  3:24  Marine  
  31  3:33  Barracks Tech Lab, Barracks Reactor  
  31  3:44  Marine  
  31  3:47  Missile Turret  
  32  3:49  Starport  
  32  3:54  Marine  
  33  3:56  Stimpack  
  33  3:59  SCV  
  33  4:02  Marine  
  35  4:03  SCV  
  36  4:13  SCV  
  36  4:14  Marine x2  
  39  4:27  SCV  
  40  4:32  Marine x2  
  40  4:34  Marine x2  
  40  4:35  Missile Turret  
  40  4:38  Starport Reactor  
  44  4:44  Supply Depot  
  44  4:54  Supply Depot  
  44  5:04  SCV  
  45  5:09  Marine x2  
  45  5:10  Marine x2  
  49  5:14  Medivac x2  
  53  5:26  Supply Depot  
  53  5:29  SCV x2  
  53  5:30  Marine x2  
  57  5:35  Marine x2  
  59  5:58  Marine x2  
  59  5:59  Marine  
  62  6:04  Viking  
  62  6:05  Viking  
  65  6:22  Liberator x2  
  42  7:27  Marine x2  
  44  7:40  Liberator x2  
  44  7:48  Barracks  
  44  7:50  Barracks  
  44  7:51  Barracks  
  44  7:54  Marine  
  44  7:56  Factory Tech Lab  
  51  8:21  Orbital Command  
  51  8:22  SCV  
  51  8:23  Marine x2, Liberator x2  
  54  8:28  Supply Depot  
  54  8:32  Supply Depot  
  54  8:35  SCV  
  54  8:39  Barracks Tech Lab, Barracks Reactor x2  
  61  8:46  Missile Turret  
  61  8:47  SCV  
  62  8:50  Missile Turret  
  62  9:04  Command Center  
  62  9:05  Marine x2  
  62  9:06  Marine  
  65  9:12  Missile Turret  
  65  9:18  Missile Turret  
  65  9:21  Supply Depot  
  65  9:24  Supply Depot  
  65  9:31  Siege Tank  
  68  9:32  Medivac  
  68  9:34  Refinery  
  68  9:35  Medivac  
  68  9:37  Refinery  
  72  9:39  Marine x3  
  72  9:40  Marine x3  
  72  9:43  Marine  
  79  9:52  Supply Depot x2  
  79  9:58  SCV x2  
  81  10:05  Siege Tank  
  84  10:15  Marine  
  84  10:16  Marine x6  
  91  10:33  Marine x2  
  91  10:34  Marine x2  
  95  10:44  Starport  
  95  10:49  Marine x3  
  97  10:51  Marine x2  
  100  11:12  Medivac  
  100  11:13  Marine x3, Medivac  
  100  11:14  Marine  
  108  11:27  Starport Reactor  
  108  11:29  Marine x3  
  108  11:31  Marine  
  112  11:42  Orbital Command  
  112  11:52  Medivac x2  
  116  12:08  Medivac x2  
  118  12:09  Marine  
  118  12:12  SCV  
  122  12:25  Supply Depot  
  122  12:33  Supply Depot  
  122  13:01  Marine x2  
  122  13:02  Marine x4  
  122  13:03  Siege Tank  
  131  13:09  SCV x3  
  134  13:21  SCV  
Tags
 
Add a new tag
Caveats
  • Supply blocks, unpowered buildings, or Contaminate may cause inaccurate times.
  • Supply counts are checked every 10 seconds.